 Dungeon Sprint DCSS version 0.31-a0-536-ga3e2962e35 (webtiles) character file.

Game seed: 17898153739278729428

762 Conn the Arsonist (level 7, -13/44 HPs)
             Began as an Octopode Fire Elementalist on Aug 13, 2023.
             Was an Elder of Sif Muna.
             Killed from afar by a smoke demon (28 damage)
             ... with a ball of steam
             ... in the Dungeon (Sprint VII: "The Pits").
             The game lasted 00:04:37 (807 turns).

Conn the Arsonist (Octopode Fire Elementalist)       Turns: 807, Time: 00:04:38

Health: -13/44     AC:  1    Str:  7    XL:     7   Next: 81%
Magic:  9/18       EV: 15    Int: 19    God:    Sif Muna [****..]
Gold:   0          SH:  0    Dex: 13    Spells: 11/21 levels left

rFire   . . .        k - +0 dagger (elec)
rCold   . . .        (no shield)
rNeg    . . .        (helmet restricted)
rPois   .            (no amulet)
rElec   .            (no ring)
rCorr   .            (no ring)
SInv    .            (no ring)
Will    .....        (no ring)
Stlth   ++++         (no ring)
HPRegen 0.27/turn    (no ring)
MPRegen 0.16/turn    (no ring)
                     (no ring)

%: no teleportation
@: on berserk cooldown, hasted and slowed, invisible
A: almost no armour, amphibious, 8 rings, camouflage 1, gelatinous body 1,
(nimble swimmer 1), tentacles
a: Renounce Religion, Channel Magic, Forget Spell, Divine Exegesis


You were in the Dungeon.
You worshipped Sif Muna.
Sif Muna was greatly pleased with you.
You visited 1 branch

Inventory:

Hand Weapons
 g - a +2 dagger
 k - a +0 dagger of electrocution (weapon)
Scrolls
 f - a scroll of blinking
 i - 5 scrolls of amnesia
 j - a scroll of butterflies
Potions
 a - 5 potions of magic
 b - 6 potions of curing
 c - 5 potions of heal wounds
 e - a potion of berserk rage
 h - a potion of invisibility


   Skills:
 + Level 1.9 Fighting
 + Level 2.4 Short Blades
 + Level 5.9 Dodging
 + Level 7.0 Stealth
 + Level 0.7 Unarmed Combat
 + Level 7.5 Spellcasting
 + Level 3.5 Conjurations
 + Level 1.0 Hexes
 + Level 11.6 Fire Magic
 * Level 2.8 Invocations


You had 11 spell levels left.
You knew the following spells:

 Your Spells              Type           Power      Damage    Failure   Level
a - Foxfire               Conj/Fire      100%       2x1d9     1%          1
b - Scorch                Fire           100%       2d9       1%          2
c - Inner Flame           Hex/Fire       31%        N/A       2%          3
d - Flame Wave            Conj/Fire      35%        2d10      4%          4

Your spell library contained the following spells:

 Spells                   Type           Power      Damage    Failure   Level
 Volatile Blastmotes      Fire/Tloc      58%        2d14      2%          3


Dungeon Overview and Level Annotations

Branches:
Dungeon (1/1)

Altars:
Ashenzari
Cheibriados
Dithmenos
Elyvilon
Fedhas
Gozag
Hepliaklqana
Kikubaaqudgha
Makhleb
Nemelex Xobeh
Okawaru
Qazlal
Ru
Sif Muna
Trog
Uskayaw
Vehumet
Wu Jian
Xom
Yredelemnul
Zin
The Shining One
Jiyva
Lugonu


Innate Abilities, Weirdness & Mutations

You cannot wear most types of armour.
You are amphibious.
You can wear up to eight rings at the same time.
Your skin changes colour to match your surroundings (Stealth+).
Your rubbery body absorbs attacks. (AC +1, EV +1)
((You are camouflaged when in or above water. (Stealth+)))
You have tentacles for arms and can constrict up to eight enemies at once.


Message History

You feel a strong urge to attack something.
You are too berserk!
You feel your anger nearly subside.
You are no longer berserk.
You are exhausted.
You feel yourself slow down.
You feel much better.
You fade into invisibility!
Things that are here:
a warg corpse; a rat corpse
Casting: Scorch (safe; 1% risk of failure)
Confirm with . or Enter, or press ? or * to list all spells.
Flames lash the smoke demon.
The smoke demon resists.
The smoke demon is heavily wounded.
The smoke demon's fire resistance burns away.
Casting: Scorch (safe; 1% risk of failure)
Confirm with . or Enter, or press ? or * to list all spells.
Flames lash the smoke demon.
The smoke demon resists.
The smoke demon is heavily wounded.
The smoke demon gestures at you. Something smites you!
Unknown command.
The smoke demon gestures at something.
Casting: Scorch (safe; 1% risk of failure)
Confirm with . or Enter, or press ? or * to list all spells.
Flames lash the smoke demon.
The smoke demon resists.
The smoke demon is heavily wounded.
Casting: Scorch (safe; 1% risk of failure)
Confirm with . or Enter, or press ? or * to list all spells.
You conjure some foxfire!
Unknown command.
Casting: Foxfire (safe; 1% risk of failure)
Confirm with . or Enter, or press ? or * to list all spells.
Flames lash the smoke demon.
The smoke demon resists.
The smoke demon is severely wounded.
The foxfire hits the smoke demon.
The smoke demon resists.
The smoke demon is severely wounded.
The smoke demon gestures at you. The ball of steam hits you!!
Ouch! That really hurt!
You die...

#.#..########...<..
#.#..'[))).##......
#.#..#[))..##......
#'###########......
#..#.#.## #######
#..†....# ##.#†#.##
#§§v....#+#
##@#.#.##3+
#§.3....#§#
##.#.#..'†#
##########


You could see a smoke demon (unable to see you, combustible, ally target).

Vanquished Creatures
  A troll (D)
  A warg (D)
  A water moccasin (D)
  A wolf (D)
  A centaur (D)
  A scorpion (D)
  A crimson imp (D)
  A jelly (D)
  A mummy (D)
  A river rat (D)
  A white imp (D)
  An orc (D)
  A bat zombie (D)
  A giant cockroach (D)
  A hobgoblin (D)
  A quokka (D)
  A ball python (D)
  A frilled lizard (D)
  A kobold (D)
  A rat (D)
20 creatures vanquished.

Vanquished Creatures (others)
  25 foxfires (D)
25 creatures vanquished.

Grand Total: 45 creatures vanquished

Notes
Turn   | Place    | Note
-------+----------+-------------------------------------------
     0 | D        | Conn the Octopode Fire Elementalist began the quest for the
                  | Orb.
     0 | D        | Reached XP level 1. HP: 11/11 MP: 3/3
    22 | D        | Noticed a crimson imp
    22 | D        | Noticed a water moccasin
    54 | D        | Killed a crimson imp
    55 | D        | Reached skill level 5 in Fire Magic
    55 | D        | Reached XP level 2. HP: 13/17 MP: 4/6
    55 | D        | Reached XP level 3. HP: 16/21 MP: 4/7
    74 | D        | Found a glowing golden altar of the Shining One.
    74 | D        | Found a glowing silver altar of Zin.
    74 | D        | Found a basalt altar of Yredelemnul.
    74 | D        | Found a shimmering altar of Xom.
    74 | D        | Found an ornate altar of the Wu Jian Council.
    74 | D        | Found a bloodstained altar of Trog.
    74 | D        | Found a shimmering blue altar of Sif Muna.
    74 | D        | Found a sacrificial altar of Ru.
    74 | D        | Found a stormy altar of Qazlal.
    74 | D        | Found an iron altar of Okawaru.
    74 | D        | Found a sparkling altar of Nemelex Xobeh.
    74 | D        | Found a burning altar of Makhleb.
    74 | D        | Found a viscous altar of Jiyva.
    74 | D        | Found a hazy altar of Hepliaklqana.
    74 | D        | Found an opulent altar of Gozag.
    74 | D        | Found a blossoming altar of Fedhas.
    74 | D        | Found a white marble altar of Elyvilon.
    74 | D        | Found a shadowy altar of Dithmenos.
    74 | D        | Found a snail-covered altar of Cheibriados.
    75 | D        | Found a radiant altar of Vehumet.
    75 | D        | Found a corrupted altar of Lugonu.
    76 | D        | Found an ancient bone altar of Kikubaaqudgha.
    76 | D        | Found a hide-covered altar of Uskayaw.
    76 | D        | Found a broken altar of Ashenzari.
    77 | D        | Became a worshipper of Sif Muna the Loreminder
    95 | D        | Killed a water moccasin
    96 | D        | Reached skill level 1 in Short Blades
    96 | D        | Reached skill level 5 in Stealth
    96 | D        | Reached skill level 7 in Fire Magic
    96 | D        | Reached XP level 4. HP: 27/27 MP: 6/10
    96 | D        | Reached XP level 5. HP: 31/31 MP: 6/11
   128 | D        | Learned a level 2 spell: Scorch
   132 | D        | Learned a level 3 spell: Inner Flame
   137 | D        | Learned a level 4 spell: Flame Wave
   144 | D        | Reached * piety under Sif Muna
   239 | D        | Reached ** piety under Sif Muna
   240 | D        | Reached skill level 8 in Fire Magic
   434 | D        | Noticed a bog body
   475 | D        | Noticed a centaur
   475 | D        | Noticed a troll
   481 | D        | Killed a centaur
   482 | D        | Reached skill level 5 in Spellcasting
   482 | D        | Reached skill level 9 in Fire Magic
   482 | D        | Reached XP level 6. HP: 37/37 MP: 2/13
   482 | D        | Killed a troll
   482 | D        | Reached *** piety under Sif Muna
   483 | D        | Reached skill level 1 in Fighting
   483 | D        | Reached skill level 5 in Dodging
   483 | D        | Reached skill level 10 in Fire Magic
   483 | D        | Reached XP level 7. HP: 43/43 MP: 0/16
   626 | D        | Noticed a warg
   639 | D        | Reached **** piety under Sif Muna
   641 | D        | Reached skill level 11 in Fire Magic
   735 | D        | Killed a warg
   777 | D        | Reached skill level 1 in Hexes
   783 | D        | Noticed a smoke demon
   807 | D        | Killed from afar by a smoke demon

Illustrated notes

Levels and vault maps discovered:
D:        pitsprint [storerooms_1, entrance_room_1, metal_vault_2, armoury_2,
          mini_pit_1, grid_room_1, main_hall_1, silver_pit, the_coven_3,
          the_vestibule_1, steel_vault_1, golden_pit, hallway_of_sentries,
          crystal_vault_5, iron_vault_2, final_vault]

Skill      XL: |  1  2  3  4  5  6  7 |
---------------+----------------------+-----
Stealth        | 4 5 6 7 |  7.0
Spellcasting   | 3 4 5 6 7 |  7.5
Fire Magic     | 5 7 9 10 11 | 11.6
Short Blades   | 1 2 |  2.4
Dodging        | 4 5 |  5.9
Conjurations   | 2 3 |  3.5
Fighting       | 1 |  1.9
Invocations    | 2 |  2.8
Hexes          | 1 |  1.0
Unarmed Combat | |  0.7

Action                     |  1- 3 |  4- 6 |  7- 9 || total
---------------------------+-------+-------+-------++-------
  Melee: Dagger            |     7 |     9 |     4 ||    20
         Tentacles         |     4 |     1 |     1 ||     6
         Constrict         |     2 |     3 |       ||     5
         Unarmed           |     1 |       |       ||     1
   Cast: Foxfire           |     2 |    10 |     7 ||    19
         Scorch            |       |     7 |    11 ||    18
         Inner Flame       |       |     1 |       ||     1
    Use: Potion            |     1 |       |     4 ||     5
   Stab: Sleeping          |     1 |       |     1 ||     2
 Armour: Skin              |       |     2 |     2 ||     4
  Dodge: Dodged            |     4 |    11 |     5 ||    20

Table legend: (Time is in decaauts)
 A = Elapsed time spent in this place.
 B = Non-inter-level travel time spent in this place.
 C = Inter-level travel time spent in this place.
 D = Time resting spent in this place.
 E = Time spent auto-exploring this place.
 F = Levels seen in this place.
 G = Mean time per level.
                   A        B        C        D        E       F      G
               +--------+--------+--------+--------+--------+-----+--------+
         Total |    818 |    818 |      0 |    397 |      0 |   1 |  818.0 |
       Dungeon |    818 |    818 |      0 |    397 |      0 |   1 |  818.0 |
               +--------+--------+--------+--------+--------+-----+--------+

Top non-repeatable levels by time:
       D: 818 daAuts
